 Dungeon Crawl Stone Soup version 0.27.1-34-g3ba077fa99 (webtiles) character file.

Game seed: 18325468173075985397

32 Descartes the Grasshopper (level 3, -14/28 HPs)
             Began as a Formicid Warper on Jan 3, 2022.
             Demolished by Crazy Yiuf (16 damage)
             ... on level 2 of the Dungeon on Jan 4, 2022.
             The game lasted 00:03:06 (1834 turns).

Descartes the Grasshopper (Formicid Warper)         Turns: 1834, Time: 00:03:06

Health: -14/28     AC:  3    Str: 16    XL:     3   Next: 45%
Magic:  6/6        EV:  9    Int: 12    God:
Gold:   53         SH:  7    Dex: 10    Spells: 7/7 levels left

rFire    . . .     SeeInvis +   a - +0 mace
rCold    . . .     Faith    .   d - +0 kite shield
rNeg     . . .     Spirit   .   b - +0 leather armour
rPois    .         Reflect  .   (helmet unavailable)
rElec    .         Harm     .   (no cloak)
rCorr    .         Rampage  .   (no gloves)
Will     .....                  (no boots)
Stlth    +.........             (no amulet)
HPRegen  0.09/turn              (no ring)
MPRegen  0.10/turn              (no ring)

@: no status effects
A: permanent stasis, dig shafts and tunnels, antennae 3, four strong arms
a: Dig, Shaft Self


You were on level 2 of the Dungeon.
You visited 1 branch of the dungeon, and saw 2 of its levels.

You collected 53 gold pieces.

Inventory:

Hand Weapons
 a - a +0 mace (weapon)
Missiles
 c - 5 boomerangs of dispersal (quivered)
 e - 28 stones
Armour
 b - a +0 leather armour (worn)
 d - a +0 kite shield (worn)
Scrolls
 f - a scroll of immolation {unknown}
 g - a scroll of identify {unknown}


   Skills:
 + Level 2.6 Fighting
 - Level 2.0 Maces & Flails
 - Level 1.0 Throwing
 + Level 1.7 Armour
 - Level 1.7 Dodging
 + Level 1.3 Shields
 + Level 2.5 Spellcasting
 + Level 2.9 Translocations


You had 7 spell levels left.
You didn't know any spells.
Your spell library contained the following spells:

 Spells                   Type           Power      Damage    Failure   Level
 Gell's Gravitas          Tloc           4%         N/A       82%         3
 Lesser Beckoning         Tloc           4%         N/A       82%         3
 Teleport Other           Tloc           8%         N/A       82%         3
 Conjure Flame            Conj/Fire      1%         6-21      99%         3
 Ignite Poison            Fire/Tmut/Pois 1%         N/A       99%         3
 Sticky Flame             Conj/Fire      1%         2d3       100%        4
 Manifold Assault         Tloc           8%         N/A       100%        5
 Blink                    Tloc           Unusable   N/A       N/A         2

Dungeon Overview and Level Annotations

Branches:
Dungeon (2/15)

Altars:

Annotations:
D:2 Crazy Yiuf


Innate Abilities, Weirdness & Mutations

You cannot be hasted, slowed, berserked, paralysed or teleported.
You can dig through walls and to a lower floor.
You have a pair of large antennae on your head. (SInv)
Your four strong arms can wield two-handed weapons with a shield.


Message History

No target in view!
No target in view!
No target in view!
No target in view!
No target in view!
Found a mace.
Found a runed translucent door.
Crazy Yiuf glowers.
Crazy Yiuf says, "Prologue!"
You sense a monster nearby.
You open the door. You hit Crazy Yiuf.
Crazy Yiuf is lightly wounded.
Crazy Yiuf completely misses you.
Crazy Yiuf hits you with a +2 quarterstaff of chaos!
Crazy Yiuf freezes you.
Your shield prevents you from hitting Crazy Yiuf.
Crazy Yiuf is lightly wounded.
Crazy Yiuf hits you but does no damage.
You closely miss Crazy Yiuf.
Crazy Yiuf is lightly wounded.
You block Crazy Yiuf's attack.
Crazy Yiuf grits, "Orb water Xom!"
Crazy Yiuf closely misses you.
You hit Crazy Yiuf.
Crazy Yiuf is moderately wounded.
Crazy Yiuf hits you with a +2 quarterstaff of chaos!
* * * LOW HITPOINT WARNING * * *
You barely miss Crazy Yiuf.
Crazy Yiuf is moderately wounded.
Crazy Yiuf grits, "Action ladder meccalolo!"
Crazy Yiuf hits you with a +2 quarterstaff of chaos.
* * * LOW HITPOINT WARNING * * *
Crazy Yiuf freezes you.
* * * LOW HITPOINT WARNING * * *
You block Crazy Yiuf's attack.
You hit Crazy Yiuf.
Crazy Yiuf is heavily wounded.
Crazy Yiuf hits you with a +2 quarterstaff of chaos!
Ouch! That really hurt!
You die...

.###...........####
####.#########.###
......#......#...#
.###..#.####.#.#.##
.......<#....#....##
..##.#.....####....#
#.##....#.## #....#
...........# ♣....♣
.....#..#.## ♣♣@..♣
##.#.####.# ♣♣g♣♣
....... ..# ♣♣.♣
##.#.###### ♣.♣♣
.....) ♣♣.♣ #.#.###
♣.♣♣ #.#.# #'# .#
... #...#


You could see Crazy Yiuf.

Vanquished Creatures
  2 dart slugs (D:1)
  2 endoplasms
  A giant cockroach (D:2)
  4 goblins
  4 hobgoblins
  4 jackals (D:1)
  A kobold (D:1)
  3 ball pythons (D:1)
  A bat (D:2)
  A frilled lizard (D:1)
  3 rats (D:1)
26 creatures vanquished.

Notes
Turn   | Place    | Note
-------+----------+-------------------------------------------
     0 | D:1      | Descartes the Formicid Warper began the quest for the Orb.
     0 | D:1      | Reached XP level 1. HP: 16/16 MP: 3/3
   153 | D:1      | Reached XP level 2. HP: 23/23 MP: 5/5
   391 | D:1      | Reached skill level 1 in Shields
   723 | D:1      | Reached XP level 3. HP: 28/28 MP: 6/6
  1425 | D:2      | HP: 1/28 [hobgoblin (3)]
  1817 | D:2      | Found a runed translucent door.
  1818 | D:2      | Noticed Crazy Yiuf
  1828 | D:2      | HP: 1/28 [Crazy Yiuf (2)]
  1834 | D:2      | Demolished by Crazy Yiuf

Illustrated notes

Levels and vault maps discovered:
D:1:      dpeg_arrival_three_same_balls, layout_basic, serial_glass,
          glass_columns_b, glass_columns_a
D:2:      layout_basic, minmay_pentomino_o2, uniq_crazy_yiuf_cottage

Skill      XL: |  1  2 |
---------------+-------+-----
Shields        | 1 |  1.3
Fighting       | |  2.6
Maces & Flails | |  2.0
Throwing       | |  1.0
Armour         | |  1.7
Dodging        | |  1.7
Spellcasting   | |  2.5
Translocations | |  2.9

Action                   || total
-------------------------++-------
Melee: Mace              ||    97
Armor: Leather armour    ||    26
Dodge: Dodged            ||    59
Block: Kite shield       ||    56
